 Dungeon Crawl Stone Soup version 0.22-a0-305-gd21a89c (webtiles) character file.

91 Gildeon the Cudgeler (level 4, 0/28 HPs)
             Began as a Gargoyle Fighter on Mar 28, 2018.
             Slain by a killer bee (4 damage)
             ... on level 2 of the Dungeon.
             The game lasted 00:07:02 (1754 turns).

Gildeon the Cudgeler (Gargoyle Fighter)             Turns: 1754, Time: 00:07:02

Health: 0/28       AC: 10    Str: 26    XL:     4   Next: 57%
Magic:  4/4        EV: 12    Int:  8    God:
Gold:   118        SH: 10    Dex: 14    Spells: 3/3 levels left

rFire    . . .     SeeInvis .   a - +1 flail
rCold    . . .     Gourm    .   c - +0 shield
rNeg     + . .     Faith    .   b - +0 scale mail
rPois    ∞         Spirit   .   (no helmet)
rElec    +         Reflect  .   (no cloak)
rCorr    .         Harm     .   (no gloves)
MR       .....                  (no boots)
Stlth    ++........             (no amulet)
HPRegen  0.09/turn              k - ring of stealth
MPRegen  0.09/turn              (no ring)

@: mighty, agile
A: negative energy resistance 1, electricity resistance, unbreathing,
petrification resistance, rot immunity, AC +3
a: no special abilities


You were on level 2 of the Dungeon.
You were not hungry.

You visited 1 branch of the dungeon, and saw 3 of its levels.

You collected 118 gold pieces.

Inventory:

Hand Weapons
 a - a +1 flail (weapon)
Missiles
 e - 33 stones (quivered)
Armour
 b - a +0 scale mail (worn)
 c - a +0 shield (worn)
Jewellery
 k - a ring of stealth (left hand)
Scrolls
 j - a scroll of fear
Potions
 i - a potion of agility
 m - 2 potions of magic {unknown}
 n - a potion of invisibility {unknown}
Comestibles
 f - 2 rations
 h - 2 chunks of flesh


   Skills:
 - Level 3.2 Fighting
 + Level 4.6 Maces & Flails
 - Level 3.2 Armour
 - Level 3.2 Shields


You had 3 spell levels left.
You didn't know any spells.

Dungeon Overview and Level Annotations

Branches:
Dungeon (3/15)

Altars:


Innate Abilities, Weirdness & Mutations

You are resistant to torment.
Your stone body is resilient. (AC +3)
You are immune to poison.
You resist negative energy. (rN+)
You are resistant to electric shocks. (rElec)
You can survive without breathing.
You are immune to petrification.
You are immune to rotting.


Message History

The killer bee barely misses you. x2
You feel agile all of a sudden. The killer bee stings you.
The killer bee closely misses you. The killer bee barely misses you. x2
You closely miss the killer bee. You block the killer bee's attack.
The killer bee stings you. x2
* * * LOW HITPOINT WARNING * * *
The killer bee stings you but does no damage.
The killer bee barely misses you.
You hit the killer bee.
The killer bee is heavily wounded.
The killer bee stings you but does no damage.
The killer bee stings you.
* * * LOW HITPOINT WARNING * * *
You block the killer bee's attack. The killer bee closely misses you.
You block the killer bee's attack.
You closely miss the killer bee.
The killer bee is heavily wounded.
You block the killer bee's attack. The killer bee stings you.
You die...

######## ## #/.....#
... #......# .$.#
#......# [$..#
#......### ...#
#######.....## #..#
#....##..##..#
#..####.!..###..##.##
#yy@##..>.# ##.##...
###y###...####.####.
#.###.#...##..# ##
#..##.###.###.## #
##....###.# #..#
###...##.# ##.###
#..#..#.# #...#
#..###...# ###.# ...#
##..# #..


You could see 3 killer bees.

Vanquished Creatures
  A killer bee (D:2)
  An adder (D:2)
  An ooze (D:1)
  2 leopard geckos (D:1)
  5 bats
  2 giant cockroaches
  5 goblins
  5 hobgoblins
  A quokka (D:2)
  A frilled lizard (D:1)
  2 kobolds (D:1)
  3 rats
29 creatures vanquished.

Notes
Turn   | Place    | Note
-------+----------+-------------------------------------------
     0 | D:1      | Gildeon the Gargoyle Fighter began the quest for the Orb.
     0 | D:1      | Reached XP level 1. HP: 14/14 MP: 1/1
   292 | D:1      | Reached XP level 2. HP: 19/19 MP: 2/2
   526 | D:1      | Reached skill level 3 in Maces & Flails
   846 | D:1      | Reached XP level 3. HP: 15/23 MP: 3/3
  1719 | D:2      | Reached skill level 4 in Maces & Flails
  1740 | D:2      | Noticed a killer bee
  1740 | D:2      | Noticed a killer bee
  1741 | D:2      | Noticed a killer bee
  1742 | D:2      | Noticed a killer bee
  1745 | D:2      | Killed a killer bee
  1745 | D:2      | Reached XP level 4. HP: 7/28 MP: 4/4
  1754 | D:2      | Slain by a killer bee

Vault maps used:
D:1:      erik_arrival_cave_to_civilisation
D:2:      kennysheep_big_flooded_room, minivault_11
D:3:      wad_river_or_something, first_ration, kennysheep_generic_room_3,
          uniq_grinder

Skill      XL: |  1  2  3 |
---------------+----------+-----
Maces & Flails | 3 4 |  4.6
Fighting       | |  3.2
Armour         | |  3.2
Shields        | |  3.2

Action                   |  1- 3 |  4- 6 || total
-------------------------+-------+-------++-------
Melee: Flail             |   169 |     5 ||   174
  Use: Scroll            |     8 |       ||     8
       Potion            |       |     4 ||     4
  Eat: Ration            |     1 |       ||     1
Armor: Scale mail        |   134 |     7 ||   141
Dodge: Dodged            |    76 |    12 ||    88
Block: Shield            |   106 |    12 ||   118

Table legend:
 A = Spawn XP
 B = Non-spawn XP
 C = Spawn XP percentage of total XP
 D = Spawn monster count
 E = Non-spawn monster count
 F = Spawn count percentage of total count
 G = Total turns spent on level
                    A         B        C        D         E        F      G
               +---------+---------+-------+---------+---------+-------+---------
         Total |       0 |     130 |   0.0 |       0 |      29 |   0.0 |  1754
               +---------+---------+-------+---------+---------+-------+---------
           D:1 |       0 |      35 |   0.0 |       0 |      16 |   0.0 |  1300
           D:2 |       0 |      95 |   0.0 |       0 |      13 |   0.0 |   448
               +---------+---------+-------+---------+---------+-------+---------
